 Dungeon Crawl Stone Soup version 0.30.0-20-g3b4254fcbd (webtiles) character file.

Game seed: 297274645764602516

8 Sabo the Chopper (level 2, 22/22 HPs)
             Began as a Demonspawn Gladiator on June 2, 2023.
             Got out of the dungeon alive.
             The game lasted 00:01:25 (364 turns).

Sabo the Chopper (Demonspawn Gladiator)              Turns: 364, Time: 00:01:25

Health: 22/22      AC:  4    Str: 14    XL:     2   Next: 0%
Magic:  2/2        EV: 12    Int:  9    God:
Gold:   20         SH:  0    Dex: 14    Spells: 1/1 levels left

rFire   . . .        a - +0 war axe
rCold   . . .        (no shield)
rNeg    . . .        b - +0 leather armour
rPois   .            c - +0 helmet
rElec   .            (no cloak)
rCorr   .            (no gloves)
SInv    .            (no boots)
Will    .....        (no amulet)
Stlth   +            (no ring)
HPRegen 0.23/turn    (no ring)
MPRegen 0.08/turn

%: no passive effects
@: no status effects
A: demonic magic 1
a: no special abilities


You escaped.
You visited 1 branch of the dungeon, and saw 1 of its levels.

You collected 20 gold pieces.

Inventory:

Hand Weapons
 a - a +0 war axe (weapon)
Missiles
 d - 3 throwing nets (quivered)
 e - a javelin
Armour
 b - a +0 leather armour (worn)
 c - a +0 helmet (worn)
Scrolls
 f - a scroll of identify {unknown}
 g - a scroll of enchant armour {unknown}


   Skills:
 + Level 2.0 Fighting
 + Level 3.0 Axes
 + Level 1.8 Throwing
 + Level 2.9 Dodging


You had one spell level left.
You didn't know any spells.
Your spell library was empty.

Dungeon Overview and Level Annotations

Branches:
Dungeon (1/15)

Altars:


Innate Abilities, Weirdness & Mutations

Spells you cast may paralyse adjacent enemies.


Message History

You now have 20 gold pieces (gained 13).
A giant cockroach comes into view.
The giant cockroach closely misses you.
You slash the giant cockroach!
You kill the giant cockroach!
You see here a giant cockroach corpse.
A hobgoblin comes into view.
Found a book of Alchemy.
Found a scroll labelled NAMNOI CICLEC.
Found a gnarled smoking staff.
Found a stone staircase leading down.
A giant cockroach comes into view.
The hobgoblin barely misses you.
You hit the hobgoblin but do no damage.
The hobgoblin hits you but does no damage.
The hobgoblin hits you.
You completely miss the hobgoblin. The hobgoblin hits you.
You hit the hobgoblin.
You kill the hobgoblin!
Your Axes skill increases to level 3!
You see here a hobgoblin corpse.
You slash the giant cockroach!
You kill the giant cockroach!
You have reached level 2!
Your demonic ancestry asserts itself...
A menacing aura infuses your magic.
You start resting.
HP restored.
You see here a hobgoblin corpse.
Found a scroll labelled QASTOCLOBAOL.
There is a stone staircase leading down here.
f - a scroll labelled QASTOCLOBAOL
Found 15 gold pieces.
There is a stone staircase leading down here.
g - a scroll labelled NAMNOI CICLEC You see here a quokka skeleton.
You see here a quokka skeleton.
There is an open door here.
There is a staircase leading out of the dungeon here.
Are you sure you want to leave the Dungeon?
This will make you lose the game!
You have escaped!

....# #...#...#~.~#≈≈§#
....# #...#...#~.~#≈§.#
....# #...#...#~.~#§§.#
##### #...#...#...#§§.#
#...#...........#
#######.###...........#
........# #...........#
######### #...........#
#.....@.....#
#...........#
#############


There were no monsters in sight!

Vanquished Creatures
  3 giant cockroaches (D:1)
  A hobgoblin (D:1)
  A quokka (D:1)
  A bat (D:1)
  A kobold (D:1)
7 creatures vanquished.

Notes
Turn   | Place    | Note
-------+----------+-------------------------------------------
     0 | D:1      | Sabo the Demonspawn Gladiator began the quest for the Orb.
     0 | D:1      | Reached XP level 1. HP: 16/16 MP: 1/1
   244 | D:1      | Reached skill level 3 in Axes
   246 | D:1      | Gained mutation: Spells you cast may paralyse adjacent
                  | enemies. [demonic ancestry]
   246 | D:1      | Reached XP level 2. HP: 18/22 MP: 2/2
   364 | D:$      | Got out of the dungeon alive.

Illustrated notes

Levels and vault maps discovered:
D:1:      lightli_arrival_quake, layout_basic,
          shapermc_ecumenical_altar_mp_vishouse

Skill      XL: |  1 |
---------------+----+-----
Axes           | 3 |  3.0
Fighting       | |  2.0
Throwing       | |  1.8
Dodging        | |  2.9

Action                     || total
---------------------------++-------
  Melee: War axe           ||    15
 Armour: Leather armour    ||    16
  Dodge: Dodged            ||    12
